 Dungeon Crawl Stone Soup version 0.17-a0-1550-g78a4890 (webtiles) character file.

123837 Chiseanne the Protected (level 16, -9/103 HPs)
             Began as a Demonspawn Wanderer on July 19, 2015.
             Was an Initiate of Gozag.
             Mangled by a sea snake (15 damage)
             ... on level 2 of the Snake Pit.
             The game lasted 02:03:34 (35319 turns).

Chiseanne the Protected (Demonspawn Wanderer)      Turns: 35319, Time: 02:03:35

Health: -9/103     AC: 31    Str: 19    XL:     16   Next: 37%
Magic:  16/16      EV: 15    Int: 15    God:    Gozag
Gold:   5242       SH: 20    Dex: 16    Spells: 0 memorised, 15 levels left

rFire  + . .     SeeInvis +     s - +7 war axe of the Mushroom {chop, rPois rF- Str+4}
rCold  . . .     Clarity  .     O - +5 chain mail {rF+}
rNeg   + + +     SustAt   .     i - +2 large shield {rPois}
rPois  +         Gourm    .     u - +3 crown of Eternal Torment {rTorment HP-- rN+++ SInv *Curse}
rElec  .         Spirit   .     b - +2 cloak {MR+}
rCorr  .         Warding  .     P - +3 pair of gauntlets of War {Slay+5}
rMut   +         Stasis   .     k - +1 pair of boots
MR     +++..                    t - amulet of resist mutation
Stlth  ..........               x - ring of protection from magic
                                m - ring of protection from fire

@: extremely resistant to hostile enchantments, extremely unstealthy
A: horns 1, repulsion field 2, powered by pain 2, spiny 3, evolution 1
a: Potion Petition, Call Merchant, Bribe Branch, Renounce Religion


You were on level 2 of the Snake Pit.
You worshipped Gozag.
Gozag was noncommittal.
You were not hungry.

You visited 5 branches of the dungeon, and saw 31 of its levels.
You also visited: Labyrinth.

You collected 11132 gold pieces.
You spent 2866 gold pieces at shops.
You paid 3024 gold pieces to Gozag.

Inventory:

Hand weapons
 a - a +6 whip of electrocution
 d - the +6 broad axe "Ituxo" {venom, rPois rC++ Dex+4}
   (You found it on level 4 of the Lair of Beasts)

   It poisons the flesh of those it strikes.
   It affects your dexterity (+4).
   It greatly protects you from cold.
   It protects you from poison.
 e - the +6 mace "Reosch" {pain, +Fly Str+3 Stlth+}
   (You found it on level 2 of the Snake Pit)

   In the hands of one skilled in necromantic magic, it inflicts extra damage on
   living creatures.
   It affects your strength (+3).
   It lets you fly.
   It makes you more stealthy.
 s - the +7 war axe of the Mushroom (weapon) {chop, rPois rF- Str+4}
   (You found it on level 3 of the Orcish Mines)

   It inflicts extra damage upon your enemies.
   It affects your strength (+4).
   It makes you vulnerable to fire.
   It protects you from poison.
 w - a +0 blowgun
Missiles
 K - a throwing net (quivered)
 M - 7 curare-tipped needles
Armour
 b - a +2 cloak of magic resistance (worn)
 i - a +2 large shield of poison resistance (worn)
 k - a +1 pair of boots (worn)
 u - the +3 crown of Eternal Torment (worn) {rTorment HP-- rN+++ SInv *Curse}
   (You bought it in a shop on level 15 of the Dungeon)

   It renders you almost immune to negative energy.
   It lets you see invisible.
   It may re-curse itself when equipped.
 O - a +5 chain mail of fire resistance (worn)
 P - the +3 pair of gauntlets of War (worn) {Slay+5}
   (You bought it in a shop on level 8 of the Dungeon)

   It affects your accuracy and damage with ranged weapons and melee attacks
   (+5).
Jewellery
 m - a ring of protection from fire (left hand)
 t - an amulet of resist mutation (around neck)
 x - a ring of protection from magic (right hand)
Magical devices
 L - a wand of disintegration (3)
Scrolls
 g - 3 scrolls of remove curse
 j - 12 scrolls of teleportation
 v - 4 scrolls of blinking
 D - 3 scrolls of magic mapping
 N - 2 scrolls of fear
 S - 5 scrolls of recharging
 T - 9 scrolls of identify
 Z - 5 scrolls of fog
Potions
 c - 2 potions of flight
 q - 3 potions of agility
 y - a potion of invisibility
 B - 3 potions of might
 C - a potion of resistance
 E - a potion of heal wounds
 F - 8 potions of curing
 Q - 5 potions of haste
 Y - 3 potions of cancellation
Miscellaneous
 U - a sack of spiders
 X - a fan of gales
Comestibles
 f - 2 bread rations
 r - 12 meat rations


   Skills:
 + Level 12.6 Fighting
   Level 2.6 Long Blades
 * Level 10.8(11.2) Axes
 - Level 5.0(8.6) Maces & Flails
 + Level 13.8 Armour
 - Level 13.0 Dodging
 - Level 1.7 Stealth
 * Level 11.5 Shields


You had 15 spell levels left.
You didn't know any spells.

Dungeon Overview and Level Annotations

Branches:
Dungeon (15/15)            Temple (1/1) D:5            Lair (8/8) D:9
 Shoals (0/4) Lair:6        Snake (3/4) Lair:4        Slime (0/6) Lair:6
    Orc (4/4) D:10            Elf (0/3) Orc:4        Vaults (0/5) D:13
 Depths (0/5) D:15

Altars:
Ashenzari
Cheibriados
Dithmenos
Elyvilon
Fedhas
Gozag
Kikubaaqudgha
Makhleb
Nemelex Xobeh
Okawaru
Qazlal
Ru
Sif Muna
Trog
Vehumet
Xom
Yredelemnul
Zin
The Shining One
Beogh
Jiyva

Shops:
D:7 (   D:8 [   D:11 *   D:15 *   Orc:4 ![[%   Vaults:1 =   Vaults:2 [

Annotations:
D:4 Sigmund


Innate Abilities, Weirdness & Mutations

You have a pair of small horns on your head.
You are surrounded by a moderate repulsion field (EV +3).
You sometimes gain power by taking damage.
You are completely covered in sharp spines.
You evolve.


Message History

The sea snake misses you. The shock serpent barely misses you.
You slice the sea snake!!
The sea snake is heavily wounded.
You hit the sea snake.
The sea snake is heavily wounded.
You hit the naga mage.
The naga mage is lightly wounded.
You slash the shock serpent!
The shock serpent is moderately wounded.
The shock serpent's electric aura discharges!
The lightning shocks you.
* * * LOW HITPOINT WARNING * * *
You block the sea snake's attack. You block the shock serpent's attack.
The naga sharpshooter mumbles some strange words.
The naga sharpshooter magically shoots a bolt.
The bolt hits you!!
* * * LOW HITPOINT WARNING * * *
The sea snake is struck by your spines. The sea snake bites you!
You die...
Your body crumbles into a pile of gold.

......♣≈≈≈≈≈≈≈≈≈
.......≈≈≈≈P≈≈≈≈≈P#
.......≈≈≈≈≈≈≈≈≈≈≈#
.......≈≈≈≈P≈P≈≈PP#
.......P≈≈P≈P≈≈P≈≈######
.......≈≈≈≈≈.P≈PP≈..##.#
......N≈≈..≈..≈..≈......
......SSS...............
......N@................
.(........(.........#...
...........(#.#.#..###.#
.........##...#.#.######
#.#..........[..........
#........###......######
......#.#.####....##
#...#...#...##..#..#
.........#.##..#..#


You could see a naga sharpshooter, 2 sea snakes, a shock serpent and a naga
mage.

Vanquished Creatures
  Kirke (Lair:6)
  An azure jelly (Lair:6)
  A fire giant (D:15)
  Maud (D:14)
  A stone giant (Orc:3)
  A minotaur (Lab)
  The ghost of Somebody the Cleaver, a powerful NaBe of Trog (Orc:1)
  Josephine (D:11)
  8 vault guards (D:13)
  Harold (D:10)
  2 naga warriors
  A catoblepas (Lair:8)
  Erolcha (D:9)
  8 hydras
  6 death yaks (Lair:8)
  2 centaur warriors
  5 anacondas
  A deep troll shaman (Lair:8)
  2 ogre magi (D:15)
  5 orc high priests (Orc:4)
  A shock serpent (Snake:1)
  2 naga sharpshooters (Snake:2)
  Urug (D:11)
  Sonja (Lair:2)
  2 wizards
  A naga ritualist (Snake:1)
  3 unseen horrors
  7 orc knights
  14 hill giants
  2 manticores
  2 griffons
  8 ugly things
  A stone giant zombie (Orc:3)
  5 cyclopes
  3 orc sorcerers
  A salamander (Snake:2)
  A siren (Lair:6)
  3 mana vipers
  20 elephants
  10 black mambas
  6 spiny frogs
  2 gargoyles
  3 naga magi
  10 komodo dragons
  A komodo dragon (shapeshifter) (D:13)
  A freezing wraith (D:15)
  An efreet (D:15)
  A merfolk (Lair:6)
  9 trolls
  Prince Ribbit (D:7)
  2 boulder beetles
  10 blink frogs
  A polar bear (Lair:8)
  7 two-headed ogres
  14 slime creatures
  5 wraiths (D:11)
  3 shadows
  A deep elf mage (D:11)
  A hill giant zombie (Orc:3)
  14 hippogriffs
  3 hungry ghosts
  A wyvern (D:11)
  43 yaks
  Eustachio (D:5)
  4 hogs (Lair:6)
  A basilisk (D:12)
  A human (D:7)
  2 mottled dragons
  4 nagas
  Menkaure (D:5)
  7 wargs
  2 soldier ants (D:14)
  14 wolves
  15 porcupines
  4 ice beasts
  4 sky beasts
  17 water moccasins
  5 phantoms
  3 black bears
  22 ogres
  40 orc warriors
  7 big kobolds
  15 crocodiles
  2 brain worms
  6 centaurs
  2 wyvern zombies
  15 giant frogs
  2 cyclops zombies (Orc:3)
  19 killer bees
  5 scorpions
  3 vampire bats (Orc:2)
  7 crimson imps
  26 orc wizards
  2 giant frog zombies
  49 orc priests
  5 centaur zombies
  2 quasits
  9 hounds
  5 centaur skeletons
  7 jellies
  4 giant frog skeletons
  A gnoll shaman (D:5)
  15 iguanas
  15 worker ants
  A killer bee zombie (D:10)
  22 sheep
  2 hound skeletons
  3 worker ant zombies
  Robin (D:3)
  8 adders
  3 gnolls (D:5)
  84 river rats
  5 shadow imps
  An ooze (D:2)
  An adder zombie (D:8)
  A worm (D:3)
  218 orcs
  15 bats
  A bat skeleton (D:7)
  8 giant cockroaches
  27 goblins
  15 hobgoblins
  8 jackals
  63 kobolds
  4 quokkas
  2 ball pythons
  6 giant geckos
  A giant gecko zombie (D:5)
  2 giant newts
  A jackal zombie (D:5)
  11 rats
  7 fungi
  7 plants (Lair:8)
1176 creatures vanquished.

Vanquished Creatures (others)
  A blink frog (Lair:8)
  4 sheep (Lair:6)
  A river rat (Lair:8)
  A worm (D:4)
  An orc (Orc:3)
  15 fungi
  13 plants
36 creatures vanquished.

Grand Total: 1212 creatures vanquished

Notes
Turn   | Place    | Note
--------------------------------------------------------------
     0 | D:1      | Chiseanne the Demonspawn Wanderer began the quest for the Orb.
     0 | D:1      | Chiseanne set off with: a +2 hand axe, a potion of curing, a +0 falchion, a +0 robe, a +0 dagger, a bread ration
     0 | D:1      | Reached XP level 1. HP: 18/18 MP: 1/1
   516 | D:1      | Reached skill level 1 in Dodging
   528 | D:1      | Gained mutation: You have a pair of small horns on your head. [demonic ancestry]
   528 | D:1      | Reached XP level 2. HP: 14/24 MP: 2/2
  1021 | D:2      | Gained mutation: You are partially covered in sharp spines. [demonic ancestry]
  1021 | D:2      | Reached XP level 3. HP: 16/29 MP: 3/3
  1683 | D:3      | Reached XP level 4. HP: 33/36 MP: 4/4
  2099 | D:3      | Reached skill level 4 in Fighting
  2282 | D:3      | Noticed Robin
  2284 | D:3      | Gained mutation: You are mostly covered in sharp spines. [demonic ancestry]
  2284 | D:3      | Reached XP level 5. HP: 37/42 MP: 5/5
  2298 | D:3      | Killed Robin
  2838 | D:3      | Found an iron altar of Okawaru.
  2911 | D:4      | Found a stormy altar of Qazlal.
  2918 | D:4      | Noticed Sigmund
  2929 | D:5      | Entered Level 5 of the Dungeon
  2964 | D:5      | Found a shimmering altar of Xom.
  3231 | D:5      | Found a blossoming altar of Fedhas.
  3231 | D:5      | Found a glowing silver altar of Zin.
  3254 | D:5      | Noticed an ogre
  3262 | D:5      | Killed an ogre
  3262 | D:5      | Reached XP level 6. HP: 7/49 MP: 6/6
  3838 | D:4      | Found a shattered altar of Ashenzari.
  4132 | D:4      | Gained mutation: You are completely covered in sharp spines. [demonic ancestry]
  4132 | D:4      | Reached XP level 7. HP: 34/55 MP: 7/7
  4138 | D:4      | Reached skill level 5 in Fighting
  4358 | D:4      | Reached skill level 5 in Dodging
  4417 | D:4      | Noticed an ogre
  4421 | D:4      | Killed an ogre
  4724 | D:5      | Noticed a phantom
  4728 | D:5      | Killed a phantom
  4728 | D:5      | Reached XP level 8. HP: 55/63 MP: 8/8
  4738 | D:5      | Noticed Eustachio
  4759 | D:5      | Killed Eustachio
  4759 | D:5      | Reached skill level 5 in Armour
  4917 | D:5      | Noticed Menkaure
  4923 | D:5      | Killed Menkaure
  4923 | D:5      | Reached skill level 6 in Fighting
  5010 | D:5      | Found a snail-covered altar of Cheibriados.
  5635 | D:6      | Found a white marble altar of Elyvilon.
  6242 | D:7      | Noticed Prince Ribbit
  6244 | D:7      | Gained mutation: You are surrounded by a mild repulsion field (EV +2). [demonic ancestry]
  6244 | D:7      | Reached XP level 9. HP: 71/71 MP: 9/9
  6251 | D:7      | Killed Prince Ribbit
  6251 | D:7      | Reached skill level 7 in Fighting
  6325 | D:7      | Found a glowing golden altar of the Shining One.
  6359 | D:7      | Found Cexeutim's Antique Weapon Shop.
  7157 | D:5      | Noticed an ice beast
  7165 | D:5      | Killed an ice beast
  7166 | D:5      | Found a staircase to the Ecumenical Temple.
  7173 | Temple   | Entered the Ecumenical Temple
  7301 | Temple   | Became a worshipper of Gozag Ym Sagoz the Greedy
  7399 | D:8      | Found Anustim's Armour Shop.
  7651 | D:8      | Reached skill level 8 in Armour
  7922 | D:8      | Reached XP level 10. HP: 80/80 MP: 10/10
  8611 | D:8      | Bought the +3 pair of gauntlets of War {Slay+5} for 522 gold pieces
  8898 | D:9      | Noticed Erolcha
  8903 | D:9      | Reached skill level 9 in Armour
  8912 | D:9      | Killed Erolcha
  9291 | D:9      | Got an encrusted scale mail
  9307 | D:9      | Identified the +5 scale mail "Lotir" {rPois rC- rCorr Int-3} (You found it on level 9 of the Dungeon)
  9553 | D:9      | Noticed a four-headed hydra
  9573 | D:9      | Killed a four-headed hydra
  9785 | D:7      | Bought an iridescent quarterstaff for 270 gold pieces
  9786 | D:7      | Identified the cursed +0 quarterstaff of Untimely Demise {elec, rElec rPois rC- Str+2} (You bought it in a shop on level 7 of the Dungeon)
  9898 | D:9      | Reached XP level 11. HP: 87/89 MP: 11/11
  9973 | D:9      | Found a staircase to the Lair.
 10076 | D:10     | Entered Level 10 of the Dungeon
 10079 | D:10     | Noticed a hill giant
 10221 | D:10     | Noticed Harold
 10236 | D:10     | Killed Harold
 10236 | D:10     | Reached skill level 10 in Armour
 10592 | D:8      | Bought a +3 chain mail of fire resistance for 291 gold pieces
 10747 | D:10     | Reached skill level 10 in Dodging
 10819 | D:10     | Killed a hill giant
 11218 | D:10     | Killed an unseen horror
 11424 | D:10     | Found a staircase to the Orcish Mines.
 11730 | D:11     | Noticed Urug
 11766 | D:11     | Killed Urug
 12170 | D:11     | Noticed Josephine
 12179 | D:11     | Killed Josephine
 12183 | D:11     | Reached skill level 10 in Fighting
 12185 | D:11     | Reached skill level 11 in Dodging
 12719 | D:11     | Found Furapp's General Store.
 12726 | D:11     | Bought a scroll of enchant weapon for 82 gold pieces
 12726 | D:11     | Bought 2 potions of might for 88 gold pieces
 12726 | D:11     | Bought a scroll of identify for 22 gold pieces
 12726 | D:11     | Bought a scroll of magic mapping for 38 gold pieces
 12726 | D:11     | Bought a potion of curing for 33 gold pieces
 12812 | D:11     | Reached XP level 12. HP: 95/97 MP: 12/12
 13937 | D:12     | Got a crude short sword
 13938 | D:12     | Identified the +11 short sword "Egika" {drain, rF+ MP+9 Dex+4 Stlth-} (You found it on level 12 of the Dungeon)
 14025 | D:13     | Noticed a centaur warrior
 14035 | D:13     | Killed a centaur warrior
 14193 | D:13     | Reached skill level 12 in Dodging
 14677 | D:13     | Found a gate to the Vaults.
 14677 | D:13     | Noticed a vault guard
 14677 | D:13     | Noticed a vault guard
 14677 | D:13     | Noticed a vault guard
 14677 | D:13     | Noticed a vault guard
 14677 | D:13     | Noticed a vault guard
 14678 | D:13     | Noticed a vault guard
 14678 | D:13     | Noticed a vault guard
 14678 | D:13     | Noticed a vault guard
 14688 | D:13     | Killed a vault guard
 14698 | D:13     | Killed a vault guard
 14706 | D:13     | Killed a vault guard
 14713 | D:13     | Killed a vault guard
 14720 | D:13     | Killed a vault guard
 14723 | D:13     | Killed a vault guard
 14729 | D:13     | Killed a vault guard
 14732 | D:13     | Killed a vault guard
 14732 | D:13     | Gained mutation: You sometimes gain a little power by taking damage. [demonic ancestry]
 14732 | D:13     | Reached XP level 13. HP: 56/106 MP: 13/13
 14735 | D:13     | Reached skill level 13 in Dodging
 15182 | D:14     | Reached skill level 1 in Maces & Flails
 15296 | D:14     | Reached skill level 1 in Shields
 15318 | D:14     | Noticed Maud
 15334 | D:14     | Killed Maud
 16169 | Orc:1    | Entered Level 1 of the Orcish Mines
 16187 | Orc:1    | Noticed Somebody's ghost (powerful NaBe)
 16856 | Orc:1    | Killed Somebody's ghost
 17894 | Orc:2    | Found a roughly hewn altar of Beogh.
 18187 | Orc:2    | Reached skill level 5 in Maces & Flails
 18656 | Orc:3    | Reached skill level 5 in Shields
 19619 | Orc:3    | Noticed a stone giant
 19635 | Orc:3    | Gained mutation: You sometimes gain power by taking damage. [demonic ancestry]
 19635 | Orc:3    | Reached XP level 14. HP: 113/113 MP: 14/14
 19642 | Orc:3    | Killed a stone giant
 19712 | Orc:3    | Got a blackened war axe
 20463 | Orc:4    | Entered Level 4 of the Orcish Mines
 20509 | Orc:4    | Found a staircase to the Elven Halls.
 21464 | Orc:4    | Gained mutation: You are frail (-10% HP). [a neqoxec]
 21465 | Orc:4    | Reached skill level 5 in Axes
 22551 | Orc:4    | Found Ovvear's Food Shop.
 22551 | Orc:4    | Found Naijatsu's Distillery.
 22552 | Orc:4    | Found Vosuthry's Antique Armour Boutique.
 22552 | Orc:4    | Found Jono's Armour Shop.
 22563 | Orc:4    | Bought a potion of degeneration for 10 gold pieces
 22563 | Orc:4    | Bought a potion of heal wounds for 50 gold pieces
 22563 | Orc:4    | Bought a potion of might for 40 gold pieces
 22563 | Orc:4    | Bought a potion of flight for 30 gold pieces
 22563 | Orc:4    | Bought a potion of agility for 40 gold pieces
 22590 | Orc:4    | Bought a +1 cloak of poison resistance for 189 gold pieces
 22604 | Orc:4    | Bought a shiny large shield for 130 gold pieces
 22634 | Orc:4    | Bought a +1 pair of boots for 161 gold pieces
 22644 | Orc:4    | Bought a slice of pizza for 21 gold pieces
 22644 | Orc:4    | Bought a royal jelly for 28 gold pieces
 22648 | Orc:4    | Bought 2 fruits for 42 gold pieces
 22648 | Orc:4    | Bought 5 fruits for 105 gold pieces
 22984 | D:15     | Entered Level 15 of the Dungeon
 23000 | D:15     | Found Erhogge's General Store.
 23008 | D:15     | Bought the cursed +3 crown of Eternal Torment {rTorment HP-- rN+++ SInv *Curse} for 674 gold pieces
 23343 | D:15     | Found a staircase to the Depths.
 23343 | D:15     | Noticed a fire giant
 23402 | D:15     | Killed a fire giant
 24148 | D:15     | Found a sacrificial altar of Ru.
 24334 | D:15     | Identified the +7 war axe of the Mushroom {chop, rPois rF- Str+4} (You found it on level 3 of the Orcish Mines)
 24781 | Lair:1   | Entered Level 1 of the Lair of Beasts
 25812 | Lair:2   | Found a labyrinth entrance.
 25812 | Lair:2   | Noticed Sonja
 25817 | Lab      | Entered a labyrinth
 26283 | Lab      | Identified Virod's Handbook of the Oath
 26289 | Lab      | Got a warped wooden ring
 26292 | Lab      | Identified the cursed ring "Ocaff" {*Contam MP+9 Str-4 Slay+3 Stlth+} (You found it in a labyrinth)
 26302 | Lab      | Got a polished dagger
 26325 | Lab      | Identified the +5 dagger of Keeqynt {pierce, +Blink rC+ MR+ Str+2} (You found it in a labyrinth)
 26367 | Lair:2   | Killed Sonja
 26503 | Lair:2   | Reached XP level 15. HP: 100/107 MP: 15/15
 28311 | Lair:4   | Found a staircase to the Snake Pit.
 28532 | Lair:4   | Got a brightly glowing broad axe
 28535 | Lair:4   | Identified the +6 broad axe "Ituxo" {venom, rPois rC++ Dex+4} (You found it on level 4 of the Lair of Beasts)
 29748 | Lair:6   | Gained mutation: You can spit weak poison. [potion of beneficial mutation]
 29805 | Lair:6   | Found a shadowy altar of Dithmenos.
 29893 | Lair:6   | Noticed Kirke
 29898 | Lair:6   | Reached skill level 10 in Shields
 29902 | Lair:6   | Killed Kirke
 29993 | Lair:6   | Found a runed door.
 30087 | Lair:6   | Found a shimmering altar of Xom.
 30246 | Lair:6   | Found a viscous altar of Jiyva.
 30246 | Lair:6   | Noticed an azure jelly
 30247 | Lair:6   | Found a staircase to the Slime Pits.
 30257 | Lair:6   | Killed an azure jelly
 30309 | Lair:6   | Found a staircase to the Shoals.
 31715 | Lair:8   | Entered Level 8 of the Lair of Beasts
 32396 | Lair:8   | Reached skill level 10 in Axes
 32939 | Lair:8   | Gained mutation: You are surrounded by a moderate repulsion field (EV +3). [demonic ancestry]
 32939 | Lair:8   | Reached XP level 16. HP: 91/114 MP: 16/16
 33034 | Lair:8   | Got a translucent chain mail
 33045 | Lair:8   | Identified the +7 chain mail of Sajyph {+Fly Slay+2} (You found it on level 8 of the Lair of Beasts)
 33837 | D:15     | Lost mutation: You can spit weak poison. [potion of cure mutation]
 33837 | D:15     | Lost mutation: You are frail (-10% HP). [potion of cure mutation]
 33875 | D:15     | Gained mutation: You evolve. [mutagenic glow]
 34463 | Snake:1  | Entered Level 1 of the Snake Pit
 35289 | Snake:2  | Got a steaming mace
 35290 | Snake:2  | Identified the +6 mace "Reosch" {pain, +Fly Str+3 Stlth+} (You found it on level 2 of the Snake Pit)
 35319 | Snake:2  | Mangled by a sea snake

Vault maps used:
D:1:      scummos_arrival_hexagon
D:3:      okawaru_metal_pillars_1_2, uniq_robin
D:4:      minmay_goblin_kobold_castle, cheibrodos_ashenzari_chains,
          grunt_qazlal_clouds, uniq_sigmund
D:5:      kennysheep_little_box, gammafunk_temple_overflow_pools,
          overflow_temple_1_default, minmay_temple_entry_from_below_a,
          first_bread, uniq_eustachio, uniq_menkaure
D:6:      elyvilon_altar_1, roderic_roman_lattice
D:7:      overflow_temple_1_default, serial_shops, nicolae_shop_statue_plus,
          grunt_livestock, uniq_prince_ribbit1
D:8:      serial_shops, shop
D:9:      erik_lair_dragon, uniq_erolcha
D:10:     hiddenorc1_lemuel, uniq_harold
D:11:     serial_shops, nicolae_shop_crystal, uniq_urug, uniq_josephine
D:13:     erik_vaults_2, grunt_ministairs_3
D:14:     uniq_maud
D:15:     grunt_enter_depths_giant_problem, nicolae_ru_the_path_less_chosen
Temple:   oiseaux_autumnal_temple_12
Lair:2:   lab_entry_generic, beast_lair_carwin_6, bh_autumn_forest_stairs,
          uniq_sonja
Lair:4:   guppyfry_snake_entry_garden, eino_small_chamber_without_monster,
          wad_woods_road_05
Lair:6:   elwin_shoals_entry_rooms, slime_altar_2, basic_altar,
          kb_xom_exploding_sheep, lemuel_fruit_fields, uniq_kirke
Lair:7:   nicolae_quartered_pool_medium
Lair:8:   grunt_lair_end_beastmaster
Snake:1:  grunt_megastairs_4
Snake:2:  st_stairs_12, serial_bayou_shore_a, uniq_saint_roka
Orc:2:    roderic_batcave, mines1_david
Orc:3:    giant_chief_lemuel, nicolae_orc_pool_cavern, rock_pile
Orc:4:    st_orc_pillars
Lab:      nicolae_lab_dead_adventurers, labyrinth_fake_exit,
          labyrinth_skeletal_remains, nicolae_lab_x, nicolae_lab_lava,
          lab_hedge, nicolae_lab_flowing_pool

Action                   |  1- 3 |  4- 6 |  7- 9 | 10-12 | 13-15 | 16-18 || total
-------------------------+-------+-------+-------+-------+-------+-------++-------
Melee: Hand axe          |    78 |   129 |   173 |       |   203 |       ||   583
       Whip              |       |       |    24 |   380 |   922 |    25 ||  1351
       Quarterstaff      |       |       |       |    30 |       |       ||    30
       Short sword       |       |       |       |     1 |     8 |       ||     9
       Broad axe         |       |       |       |       |   296 |    64 ||   360
       War axe           |       |       |       |       |       |    71 ||    71
 Fire: Blowgun           |       |       |    18 |    11 |    20 |       ||    49
Invok: Potion Petition   |       |       |       |     1 |     2 |       ||     3
       Call Merchant     |       |       |       |       |     3 |       ||     3
Evoke: Wand              |       |       |       |       |     3 |       ||     3
  Use: Scroll            |     4 |     6 |    14 |    11 |    12 |     2 ||    49
       Potion            |       |     1 |       |    10 |     7 |     1 ||    19
 Stab: Sleeping          |     6 |       |       |       |       |       ||     6
       Distracted        |       |       |     2 |     5 |    12 |     2 ||    21
       Invisible         |       |       |       |     2 |       |       ||     2
       Petrified         |       |       |       |       |     4 |       ||     4
       Petrifying        |       |       |       |       |     3 |       ||     3
       Fleeing           |       |       |       |       |     2 |       ||     2
  Eat: Chunk             |     2 |     7 |    22 |       |       |       ||    31
       Fruit             |       |       |       |     5 |    20 |       ||    25
       Beef jerky        |       |       |       |     5 |     1 |     1 ||     7
       Royal jelly       |       |       |       |     2 |     1 |       ||     3
       Pizza             |       |       |       |     6 |     5 |     1 ||    12
       Bread ration      |       |       |       |       |     6 |     1 ||     7
